 Dungeon Crawl Stone Soup version 0.27.1-1-g398f81649c (webtiles) character file.

Game seed: 3508588006269807666

2093 Kala the Grappler (level 9, -4/88 HPs)
             Began as a Troll Monk on Sept 7, 2021.
             Slain by a yak (14 damage)
             ... on level 6 of the Dungeon.
             The game lasted 00:08:34 (3554 turns).

Kala the Grappler (Troll Monk)                      Turns: 3554, Time: 00:08:34

Health: -4/88      AC:  4    Str: 24    XL:     9   Next: 7%
Magic:  8/8        EV: 11    Int:  6    God:
Gold:   333        SH:  0    Dex: 12    Spells: 8/8 levels left

rFire    . . .     SeeInvis .     - Unarmed
rCold    . . .     Faith    .   (no shield)
rNeg     . . .     Spirit   .   a - +0 robe
rPois    .         Reflect  .   (helmet restricted)
rElec    .         Harm     .   (no cloak)
rCorr    .         Rampage  .   (gloves unavailable)
Will     .....                  (boots unavailable)
Stlth    ++........             (no amulet)
HPRegen  1.24/turn              s - ring of flight
MPRegen  0.11/turn              (no ring)

@: flying
A: large, unfitting armour, claws 3, regeneration 1, shaggy fur 1, tough skin 1
a: no special abilities


You were on level 6 of the Dungeon.
You visited 2 branches of the dungeon, and saw 7 of its levels.

You collected 333 gold pieces.

Inventory:

Missiles
 b - 6 poisoned darts (quivered)
Armour
 a - a +0 robe (worn)
Jewellery
 s - a ring of flight (left claw)
Wands
 m - a wand of charming (12)
 u - a wand of mindburst (14)
Scrolls
 e - a scroll of fog {unknown}
 g - 3 scrolls of teleportation {unknown}
 h - 3 scrolls of identify {unknown}
 t - a scroll of fear {unknown}
 w - a scroll of acquirement {unknown}
 x - 2 scrolls of enchant weapon {unknown}
Potions
 c - 4 potions of degeneration {unknown}
 d - 6 potions of curing {unknown}
 f - a potion of flight {unknown}
 i - a potion of brilliance {unknown}
 j - a potion of ambrosia {unknown}
 k - 2 potions of berserk rage {unknown}
 l - a potion of might {unknown}
 n - a potion of resistance {unknown}
 o - a potion of invisibility {unknown}
 p - a potion of haste {unknown}
 q - 2 potions of heal wounds {unknown}
 r - 2 potions of cancellation {unknown}
 v - a potion of lignification {unknown}


   Skills:
 + Level 5.1 Fighting
 + Level 4.5 Throwing
 + Level 5.0 Dodging
 - Level 1.0 Stealth
 * Level 8.2 Unarmed Combat


You had 8 spell levels left.
You didn't know any spells.
Your spell library contained the following spells:

 Spells                   Type           Power      Damage    Failure   Level
 Sandblast                Erth           0%         2d4       45%         1
 Passwall                 Tmut/Erth      0%         N/A       58%         2
 Lee's Rapid Deconstruct  Erth           0%         3d5*      100%        5


Dungeon Overview and Level Annotations

Branches:
Dungeon (6/15)             Temple (1/1) D:5

Altars:
Ashenzari
Cheibriados
Dithmenos
Elyvilon
Fedhas
Gozag
Hepliaklqana
Kikubaaqudgha
Nemelex Xobeh
Qazlal
Ru
Sif Muna
Trog
Vehumet
Yredelemnul
Zin
The Shining One


Innate Abilities, Weirdness & Mutations

You are too large for most types of armour.
You have claws for hands.
Your natural rate of healing is unusually fast.
You are covered in fur. (AC +1)
You have tough skin. (AC +1)


Message History

You have reached level 9!
Your experience leads to an increase in your attributes!
Increase (S)trength, (I)ntelligence, or (D)exterity?
You feel stronger. x2
You mangle the black bear!!
The black bear is severely wounded.
The black bear closely misses you.
The black bear claws you but does no damage.
The black bear misses you.
You scratch the black bear.
The black bear is severely wounded.
The black bear goes berserk!
The yak gores you.
You claw the black bear!
The black bear is almost dead.
The black bear barely misses you. The black bear claws you. x2
The yak gores you.
You scratch the black bear.
You kill the black bear!
The yak gores you!
* * * LOW HITPOINT WARNING * * *
You mangle the yak!! You claw the yak.
The yak is heavily wounded.
The yak barely misses you.
You closely miss the yak.
The yak is heavily wounded.
The yak barely misses you. The yak gores you!
* * * LOW HITPOINT WARNING * * *
You scratch the yak.
The yak is heavily wounded.
The yak gores you but does no damage. x2
You claw the yak!
The yak is almost dead.
The yak gores you.
* * * LOW HITPOINT WARNING * * *
The yak gores you.
* * * LOW HITPOINT WARNING * * *
You claw the yak!
You kill the yak!
The yak gores you!
You die...

##....###### ....
####<.....### #...
######...#### ...#
###....######..###.
####).)..).......
######.....###
#.....#.#
#####.....# .(
########.†@....###
# #.......†Y##..##
.......(.Z.......
$.....(......####..
$....((..#####
.....(...#
........$#
........##
.........


You could see a yak and a howler monkey skeleton.

Vanquished Creatures
  Pikel (D:5)
  Grinder (D:5)
  Sigmund (D:6)
  3 yaks (D:6)
  A black bear (D:6)
  A necrophage (D:5)
  A centaur (D:6)
  A lemure (D:5)
  A phantom (D:6)
  A scorpion (D:5)
  A water moccasin skeleton (D:4)
  2 hounds
  A jelly (D:4)
  A centaur skeleton (D:5)
  5 orc priests
  A bullfrog skeleton (D:5)
  Jessica (D:3)
  Ijyb (D:5)
  2 orc wizards
  A hound zombie (D:5)
  A howler monkey zombie (D:5)
  6 adders
  An ufetubus (D:6)
  2 worms
  4 dart slugs
  10 orcs
  9 ball pythons
  6 bats
  6 endoplasms
  3 giant cockroaches
  5 goblins
  6 hobgoblins
  4 quokkas
  5 frilled lizards
  6 kobolds
  7 rats
109 creatures vanquished.

Notes
Turn   | Place    | Note
-------+----------+-------------------------------------------
     0 | D:1      | Kala the Troll Monk began the quest for the Orb.
     0 | D:1      | Reached XP level 1. HP: 22/22 MP: 0/0
    79 | D:1      | Reached XP level 2. HP: 28/29 MP: 1/1
   659 | D:2      | Reached XP level 3. HP: 36/36 MP: 2/2
   859 | D:2      | Reached skill level 1 in Throwing
  1106 | D:3      | Reached skill level 4 in Unarmed Combat
  1106 | D:3      | Reached XP level 4. HP: 34/44 MP: 3/3
  1256 | D:3      | Found a stormy altar of Qazlal.
  1453 | D:3      | Found a bloodstained altar of Trog.
  1453 | D:3      | Noticed Jessica
  1458 | D:3      | Killed Jessica
  1748 | D:4      | Reached XP level 5. HP: 53/53 MP: 4/4
  1991 | D:4      | Reached XP level 6. HP: 56/61 MP: 5/5
  1994 | D:4      | Reached skill level 5 in Unarmed Combat
  2375 | D:5      | Entered Level 5 of the Dungeon
  2375 | D:5      | Noticed Ijyb
  2382 | D:5      | Killed Ijyb
  2497 | D:5      | Noticed Pikel
  2498 | D:5      | Found a shadowy altar of Dithmenos.
  2529 | D:5      | Killed Pikel
  2530 | D:5      | Reached skill level 6 in Unarmed Combat
  2530 | D:5      | Reached XP level 7. HP: 43/70 MP: 6/6
  2709 | D:5      | Noticed Grinder
  2727 | D:5      | Killed Grinder
  2728 | D:5      | Reached XP level 8. HP: 72/79 MP: 7/7
  2741 | D:5      | Reached skill level 7 in Unarmed Combat
  3068 | D:5      | Found a staircase to the Ecumenical Temple.
  3077 | Temple   | Entered the Ecumenical Temple
  3370 | D:6      | Noticed Sigmund
  3377 | D:6      | Killed Sigmund
  3541 | D:6      | Reached skill level 5 in Fighting
  3541 | D:6      | Reached skill level 5 in Dodging
  3541 | D:6      | Reached skill level 8 in Unarmed Combat
  3546 | D:6      | Reached XP level 9. HP: 45/88 MP: 8/8
  3554 | D:6      | Slain by a yak

Illustrated notes

Levels and vault maps discovered:
D:1:      wheals_arrival_shading, layout_rooms, hex_large, minmay_pentomino_t4
D:2:      layout_basic, minmay_misc_feat_cross
D:3:      layout_rooms, marbit_many_paths, lightli_temple_of_fire, uniq_jessica
D:4:      layout_basic, minmay_ruptured
D:5:      layout_loops_ring, amcnicky_altar_gilded, lemuel_temple_firewalk_b,
          uniq_pikel, uniq_grinder, uniq_ijyb
D:6:      layout_rooms, gup_sewer_entry_pipe, chequers_avenue,
          nicolae_zen_rock_garden, uniq_sigmund, uniq_prince_ribbit1
Temple:   dpeg_chambers_temple

Skill      XL: |  1  2  3  4  5  6  7  8 |
---------------+-------------------------+-----
Throwing       | 1 2 3 4 |  4.5
Unarmed Combat | 4 6 8 |  8.2
Fighting       | 3 4 5 |  5.1
Dodging        | 3 4 5 |  5.0
Stealth        | |  1.0

Action                   |  1- 3 |  4- 6 |  7- 9 || total
-------------------------+-------+-------+-------++-------
Melee: Unarmed           |    78 |   114 |    90 ||   282
       Punch             |     1 |       |     3 ||     4
Throw: Dart              |    32 |    16 |    10 ||    58
 Stab: Sleeping          |     3 |     1 |       ||     4
Armor: Robe              |    25 |    19 |    27 ||    71
Dodge: Dodged            |    34 |    50 |    48 ||   132
